 Dungeon Crawl Stone Soup version 0.29-a0-451-gfbfa42419e (webtiles) character file.

Game seed: 4157846391747075218

124 xian the Conjurer (level 4, -1/34 HPs)
             Began as a Draconian Conjurer on May 20, 2022.
             Killed by divine providence
             ... invoked by an orc priest
              (14 damage)
             ... on level 3 of the Dungeon.
             The game lasted 00:06:44 (2702 turns).

xian the Conjurer (Draconian Conjurer)              Turns: 2702, Time: 00:06:45

Health: -1/34      AC:  6    Str: 10    XL:     4   Next: 81%
Magic:  8/8        EV: 12    Int: 20    God:
Gold:   60         SH:  0    Dex:  9    Spells: 6/9 levels left

rFire   . . .      SeeInvis .   d - +2 short sword (drain)
rCold   + . .      Faith    .   (no shield)
rNeg    . . .      Spirit   .   (body armour unavailable)
rPois   .          Reflect  .   (helmet restricted)
rElec   .          Harm     .   j - scarf {shadows}
rCorr   .          Rampage  .   l - +0 pair of gloves
Will    .....                   (no boots)
Stlth   ++........              (no amulet)
HPRegen 0.11/turn               k - ring of protection from cold
MPRegen 0.11/turn               (no ring)

@: no status effects
A: AC +5, unfitting armour, cold-blooded
a: no special abilities


You were on level 3 of the Dungeon.
You visited 1 branch of the dungeon, and saw 3 of its levels.

You collected 60 gold pieces.

Inventory:

Hand Weapons
 d - a +2 short sword of draining (weapon)
Armour
 j - a scarf of shadows (worn)
 l - a +0 pair of gloves (worn)
Magical Staves
 e - a staff of poison
Jewellery
 k - a ring of protection from cold (left hand)
Scrolls
 g - a scroll of enchant armour
 h - a scroll of brand weapon
 i - a scroll of amnesia
Potions
 a - 2 potions of magic
 c - 2 potions of lignification
 f - a potion of might


   Skills:
 + Level 0.4 Fighting
 + Level 0.7 Short Blades
 + Level 2.0 Dodging
 + Level 2.3 Stealth
 + Level 3.1 Spellcasting
 + Level 5.0 Conjurations


You had 6 spell levels left.
You knew the following spells:

 Your Spells              Type           Power      Damage    Failure   Level
a - Magic Dart            Conj           92%        1d7       1%          1
b - Searing Ray           Conj           46%        2d6       2%          2

Your spell library contained the following spells:

 Spells                   Type           Power      Damage    Failure   Level
 Dazzling Flash           Conj/Hex       26%        N/A       16%         3
 Ensorcelled Hibernation  Hex/Ice        6%         N/A       22%         2
 Passwall                 Tmut/Erth      2%         N/A       22%         2
 Swiftness                Air            3%         N/A       38%         3
 Fulminant Prism          Conj/Hex       6%         3d7       45%         4
 Iskenderun's Mystic Bla  Conj/Tloc      13%        2d5       45%         4


Dungeon Overview and Level Annotations

Branches:
Dungeon (3/15)

Altars:

Shops:
D:1 !

Annotations:
D:3 Ijyb


Innate Abilities, Weirdness & Mutations

Your plain brown scales are hard. (AC +5)
You cannot fit into any form of body armour.
You are cold-blooded and may be slowed by cold attacks.


Message History

Things that are here:
a +0 whip; a gnoll corpse
Items here: )) ††.
There is a stone staircase leading up, spattered with blood here.
Items here: )) ††.
Things that are here:
a +0 whip; a gnoll corpse You now have 60 gold pieces (gained 15).
A goblin comes into view.
It is wielding a +0 dagger of electrocution.
The magic dart hits the goblin.
You kill the goblin!
Magic restored.
HP restored.
A ball python comes into view.
The magic dart hits the ball python.
You kill the ball python!
Things that are here:
a +0 dagger of electrocution; a +0 hunting sling
Found a spear.
Ijyb the Twisted Goblin comes into view.
She is wielding a +0 club, wearing a +2 leather armour of poison resistance and carrying a wand of iceblast (10).
Ijyb shouts!
The magic dart hits Ijyb but does no damage.
Ijyb zaps a wand.
The mass of ice explodes!
The iceblast engulfs you! You partially resist.
You hear a shout! x5
Ijyb screams, "Me very upset!"
An orc comes into view. It is wielding a +0 flail.
The orc shouts!
An orc comes into view. It is wielding a +0 flail. x2
Ijyb zaps a wand.
The mass of ice explodes!
The iceblast engulfs you! You partially resist.
An orc comes into view. It is wielding a +0 hand axe.
The orc shouts!
The orc moves out of view.
An orc priest comes into view. It is wielding a +0 hand axe.
Found a stone staircase leading down.
The orc priest shouts!
The orc priest mumbles some strange prayers to Beogh against you.
Beogh smites you!
You die...

.#####.##.###..
..)............. #..o
#o#####.#..##... ...
#.o............. .o
#o###......##... # #.
#.###g#.#..# ..
###.#.##..........# .
.............#.#..#
>.....@......#......
....#.##.#####...####
###.#.##.# ...^.#
#.#.##)##.#....#
#.........#....#
#.#..........
#..<..##.##.#
#...#)..<..# # ....
#..###.#


You could see Ijyb, an orc priest and an orc.

Vanquished Creatures
  3 gnolls (D:3)
  2 adders (D:2)
  A worm (D:2)
  2 dart slugs
  3 endoplasms
  4 giant cockroaches
  7 hobgoblins
  11 jackals
  4 kobolds (D:1)
  2 quokkas
  5 ball pythons
  6 bats
  4 frilled lizards
  11 goblins
  A rat (D:2)
66 creatures vanquished.

Vanquished Creatures (others)
  6 plants (D:1)
6 creatures vanquished.

Grand Total: 72 creatures vanquished

Notes
Turn   | Place    | Note
-------+----------+-------------------------------------------
     0 | D:1      | xian the Draconian Conjurer began the quest for the Orb.
     0 | D:1      | Reached XP level 1. HP: 14/14 MP: 3/3
   208 | D:1      | Reached XP level 2. HP: 20/20 MP: 1/5
  1039 | D:1      | Reached XP level 3. HP: 26/26 MP: 3/6
  1068 | D:1      | Found Cooxejel's Distillery.
  2021 | D:2      | Reached XP level 4. HP: 33/33 MP: 6/8
  2197 | D:2      | Learned a level 2 spell: Searing Ray
  2283 | D:2      | Found a faded altar of an unknown god.
  2504 | D:3      | Reached skill level 5 in Conjurations
  2689 | D:3      | Noticed Ijyb
  2702 | D:3      | Killed from afar by an orc priest

Illustrated notes

Levels and vault maps discovered:
D:1:      amcnicky_arrival_underground_garden, layout_basic, serial_bayou,
          serial_bayou_lake_a, serial_bayou_crossing, serial_bayou_pond_c,
          serial_bayou_ford_a, serial_bayou_pond_b, serial_shops,
          nicolae_square_shop
D:2:      layout_rooms, hellmonk_ecumenical_altar_dog_temple
D:3:      layout_basic, mainiacjoe_overflow_alcove_2, roderic_cross_of_infinity,
          minmay_fractal_squares_5, uniq_ijyb

Skill      XL: |  1  2  3  4 |
---------------+-------------+-----
Stealth        | 2 |  2.3
Conjurations   | 5 |  5.0
Spellcasting   | 3 |  3.1
Dodging        | 2 |  2.0
Fighting       | |  0.4
Short Blades   | |  0.7

Action                   |  1- 3 |  4- 6 || total
-------------------------+-------+-------++-------
Melee: Short sword       |    15 |    14 ||    29
       Tailslap          |     2 |       ||     2
       Punch             |       |     1 ||     1
 Cast: Magic Dart        |    84 |    24 ||   108
       Searing Ray       |       |     1 ||     1
  Use: Scroll            |       |     5 ||     5
Armor: Skin              |     6 |     5 ||    11
Dodge: Dodged            |    16 |    20 ||    36

Table legend: (Time is in decaauts)
 A = Elapsed time spent in this place.
 B = Non-inter-level travel time spent in this place.
 C = Inter-level travel time spent in this place.
 D = Time resting spent in this place.
 E = Time spent auto-exploring this place.
 F = Levels seen in this place.
 G = Mean time per level.
                   A        B        C        D        E       F      G
               +--------+--------+--------+--------+--------+-----+--------+
         Total |   2764 |   2674 |     90 |      0 |   2196 |   3 |  921.3 |
       Dungeon |   2764 |   2674 |     90 |      0 |   2196 |   3 |  921.3 |
               +--------+--------+--------+--------+--------+-----+--------+

Top non-repeatable levels by time:
     D:1: 1516 daAuts
     D:2: 1045 daAuts
     D:3: 202 daAuts
